 Dungeon Crawl Stone Soup version 0.29-a0-364-g921d912d32 (webtiles) character file.

Game seed: 1341735854958328620

501 frimble the Skirmisher (level 7, -5/54 HPs)
             Began as a Djinni Warper on May 1, 2022.
             Slain by an orc
             ... wielding a +0 trident
              (6 damage)
             ... on level 4 of the Dungeon.
             The game lasted 00:08:10 (6890 turns).

frimble the Skirmisher (Djinni Warper)              Turns: 6890, Time: 00:08:10

Health: -5/54      AC:  3    Str: 10    XL:     7   Next: 40%
Gold:   256        EV: 11    Int: 17    God:
                   SH:  0    Dex: 12

rFire   + + .      SeeInvis .   c - +4 short sword
rCold   x . .      Faith    .   (no shield)
rNeg    . . .      Spirit   .   b - +0 leather armour
rPois   ∞          Reflect  .   (no helmet)
rElec   .          Harm     .   (no cloak)
rCorr   .          Rampage  .   (no gloves)
Will    .....                   (boots unavailable)
Stlth   +.........              (no amulet)
HPRegen 0.18/turn               (no ring)
MPRegen 0.00/turn               (no ring)

@: confused, flying
A: sickness immunity, fire resistance 2, cold vulnerability 1, float, innate
caster, HP casting, extra vitality 1
a: no special abilities


You were on level 4 of the Dungeon.
You visited 1 branch of the dungeon, and saw 4 of its levels.

You collected 256 gold pieces.

Inventory:

Hand Weapons
 a - a +0 short sword
 c - a +4 short sword (weapon)
Missiles
 d - 7 boomerangs of dispersal
 e - 6 javelins
 n - 2 poisoned darts
Armour
 b - a +0 leather armour (worn)
Potions
 i - a potion of resistance


   Skills:
 + Level 5.4 Fighting
 + Level 4.9 Short Blades
 - Level 0.9 Throwing
 - Level 1.1 Armour
 - Level 2.3 Dodging
 - Level 2.4 Spellcasting


You couldn't memorise any spells.
You knew the following spells:

 Your Spells              Type           Power      Damage    Failure   Level
a - Blink                 Tloc           20%        N/A       14%         2
b - Lesser Beckoning      Tloc           10%        N/A       26%         3
c - Gell's Gravitas       Tloc           10%        N/A       26%         3
d - Teleport Other        Tloc           10%        N/A       26%         3
e - Manifold Assault      Tloc           10%        N/A       94%         5
f - Pain                  Necr           40%        1d6       9%          1
g - Wereblood             Tmut           10%        N/A       14%         2
h - Swiftness             Air            10%        N/A       26%         3
Your spell library was empty.

Dungeon Overview and Level Annotations

Branches:
Dungeon (4/15)
 Temple: D:4-7

Altars:
Xom
Yredelemnul


Innate Abilities, Weirdness & Mutations

You are immune to sickness and miasma.
You are immune to poison.
Your flesh is very heat resistant. (rF++)
You are vulnerable to cold. (rC-)
You float through the air rather than walking.
You learn spells naturally, not from books.
Your magical power is your life essence.
You have superior vitality. (+4 MHP)


Message History

You bump into the rock wall.
The orc hits you from afar with a +0 trident.
Something hits you.
You bump into the rock wall.
You feel less confused.
The orc hits you from afar with a +0 trident!
Something hits you.
You miss something.
The orc hits you from afar with a +0 trident!
* * * LOW HITPOINT WARNING * * *
Something hits you.
* * * LOW HITPOINT WARNING * * *
You closely miss something. The orc closely misses you.
Something hits you but does no damage.
You hit something.
The orc hits you from afar with a +0 trident.
* * * LOW HITPOINT WARNING * * *
You hear some strange, mumbled words.
Something tries to affect you, but you resist.
You miss something. Your punch misses something.
An orc wizard appears from thin air!
Reactivating autopickup.
You hit the orc wizard.
The orc wizard is heavily wounded.
The orc hits you from afar with a +0 trident.
* * * LOW HITPOINT WARNING * * *
The orc wizard casts a spell at you.
You are confused.
Okay, then.
You are too confused!
Okay, then.
You hit the orc wizard.
The orc wizard is severely wounded.
The orc completely misses you.
The orc wizard hits you but does no damage.
You bump into the rock wall.
The orc closely misses you. The orc wizard barely misses you.
You bump into the rock wall.
The orc hits you from afar with a +0 trident.
You die...

###.# #.# #..# *,* # #.#
#.# #.## *,* ###.# #.#
#.# *,* .##.# #.# #.# *,*
.##.# #.###.## *,* .##.#
#......# *,* .##.#
#####..# *,##########
.##.#
####..########.#.........
###.#
#......)@oo....#.########
#
#.#####.##..##########.#
###.....).##..# #.#
..#######.....#
###.######## #.# #.###.#
#........... #.# #.#
#.###****#.#.######## #.#
#.###....,,,...#.# #.#
#.......#**#####.# #.#
#.#####<###.####.#####


You could see an orc wizard and an orc.

Vanquished Creatures
  A black bear (D:4)
  A phantom (D:4)
  A necrophage (D:4)
  2 hounds (D:4)
  An orc priest (D:4)
  Jessica (D:2)
  Terence (D:2)
  An orc wizard (D:4)
  A gnoll (D:4)
  2 adders
  A white imp (D:4)
  A worm (D:3)
  3 dart slugs
  5 orcs (D:4)
  10 endoplasms
  3 giant cockroaches (D:4)
  8 goblins
  5 hobgoblins
  3 jackals (D:2)
  2 quokkas
  8 ball pythons
  6 bats
  A frilled lizard (D:2)
  10 kobolds
  5 rats
83 creatures vanquished.

Vanquished Creatures (collateral kills)
  2 orcs (D:4)
  An endoplasm (D:2)
  A giant cockroach (D:4)
  A frilled lizard (D:2)
5 creatures vanquished.

Vanquished Creatures (others)
  2 withered plants (D:2)
2 creatures vanquished.

Grand Total: 90 creatures vanquished

Notes
Turn   | Place    | Note
-------+----------+-------------------------------------------
     0 | D:1      | frimble the Djinni Warper began the quest for the Orb.
     0 | D:1      | Reached XP level 1. HP: 18/18 MP: 0/0
   506 | D:1      | Reached XP level 2. HP: 23/23 MP: 0/0
  1354 | D:1      | Reached XP level 3. HP: 24/29 MP: 0/0
  1354 | D:1      | Learned a level 1 spell: Pain
  2747 | D:2      | Found a faded altar of an unknown god.
  2853 | D:2      | Found a basalt altar of Yredelemnul.
  3077 | D:2      | Reached skill level 3 in Fighting
  3077 | D:2      | Reached XP level 4. HP: 29/35 MP: 0/0
  3200 | D:2      | Noticed Jessica
  3214 | D:2      | Killed Jessica
  3690 | D:3      | Noticed Terence
  4089 | D:2      | Killed Terence
  4090 | D:2      | Reached XP level 5. HP: 5/40 MP: 0/0
  4090 | D:2      | Learned a level 2 spell: Wereblood
  5131 | D:4      | Identified the +2 pair of boots of the Sun {+Blink rPois}
  5131 | D:4      | Noticed a black bear
  5144 | D:4      | Killed a black bear
  5145 | D:4      | Reached skill level 4 in Fighting
  5145 | D:4      | Reached XP level 6. HP: 35/47 MP: 0/0
  5161 | D:4      | Found a shimmering altar of Xom.
  6024 | D:4      | Reached XP level 7. HP: 29/53 MP: 0/0
  6024 | D:4      | Learned a level 3 spell: Swiftness
  6030 | D:4      | Reached skill level 5 in Fighting
  6887 | D:4      | HP: 1/54 [orc/+0 trident (4)]
  6890 | D:4      | Slain by an orc

Illustrated notes

Levels and vault maps discovered:
D:1:      dpeg_arrival_simpleton_b, layout_basic
D:2:      layout_basic, basic_altar, ebering_ecumenical_altar_petrified,
          minmay_pentomino_t2, uniq_jessica
D:3:      layout_basic, uniq_terence
D:4:      layout_loops_ring, nicolae_overflow_hidden_temple, xom_teletrap_fun,
          mainiacjoe_overflow_alcove_2, gup_sewer_entry_bowl,
          minmay_fractal_squares_gapless_5

Skill      XL: |  1  2  3  4  5  6  7 |
---------------+----------------------+-----
Short Blades   | 2 3 4 |  4.9
Fighting       | 3 4 5 |  5.4
Throwing       | |  0.9
Armour         | |  1.1
Dodging        | |  2.3
Spellcasting   | |  2.4

Action                   |  1- 3 |  4- 6 |  7- 9 || total
-------------------------+-------+-------+-------++-------
Melee: Short sword       |   149 |   113 |    75 ||   337
       Punch             |     1 |     1 |     1 ||     3
Throw: Javelin           |       |     9 |       ||     9
 Cast: Pain              |     4 |    22 |       ||    26
       Blink             |       |     7 |       ||     7
  Use: Scroll            |     4 |     6 |     2 ||    12
       Potion            |       |     8 |       ||     8
 Stab: Sleeping          |     1 |       |       ||     1
Armor: Leather armour    |    60 |    20 |    10 ||    90
       Skin              |       |     2 |       ||     2
Dodge: Dodged            |    97 |    75 |    25 ||   197

Table legend: (Time is in decaauts)
 A = Elapsed time spent in this place.
 B = Non-inter-level travel time spent in this place.
 C = Inter-level travel time spent in this place.
 D = Time resting spent in this place.
 E = Time spent auto-exploring this place.
 F = Levels seen in this place.
 G = Mean time per level.
                   A        B        C        D        E       F      G
               +--------+--------+--------+--------+--------+-----+--------+
         Total |   6846 |   6637 |    209 |    704 |   4956 |   4 | 1711.5 |
       Dungeon |   6846 |   6637 |    209 |    704 |   4956 |   4 | 1711.5 |
               +--------+--------+--------+--------+--------+-----+--------+

Top non-repeatable levels by time:
     D:2: 2264 daAuts
     D:1: 1794 daAuts
     D:3: 1622 daAuts
     D:4: 1164 daAuts
